 Dungeon Crawl Stone Soup version 0.19-a0-1532-g228a5d9 (webtiles) character file.

5385 Kidiri the Thaumaturge (level 10, -2/56 HPs)
             Began as a Deep Elf Fire Elementalist on Sept 13, 2016.
             Was a Believer of Vehumet.
             Slain by an eight-headed hydra (14 damage)
             ... on level 1 of the Lair of Beasts.
             The game lasted 00:38:38 (14792 turns).

Kidiri the Thaumaturge (DEFE)                      Turns: 14792, Time: 00:38:39

Health: -2/56      AC: 10    Str:  1    XL:     10   Next: 39%
Magic:  9/24       EV: 16    Int: 27    God:    Vehumet [**....]
Gold:   218        SH:  0    Dex: 17    Spells: 7 memorised, 11 levels left

rFire  . . .     SeeInvis .     g - +1 dagger
rCold  . . .     Gourm    .     a - +0 robe
rNeg   . . .     Faith    .     (no shield)
rPois  .         Spirit   .     x - +1 helmet {Int+3}
rElec  .         Dismiss  .     t - +1 cloak
rCorr  .         Reflect  .     q - +1 pair of gloves
MR     +....     Harm     .     l - +1 pair of boots
Stlth  +++.......               D - amulet of rage
                                (no ring)
                                h - ring of stealth

@: no status effects
A: agile 1, low mp 1, mutation resistance 1, screaming 1, slow regeneration 1,
weak 2
a: Renounce Religion, Evoke Berserk Rage


You were on level 1 of the Lair of Beasts.
You worshipped Vehumet.
Vehumet was pleased with you.
You were not hungry.

You visited 3 branches of the dungeon, and saw 11 of its levels.

You collected 484 gold pieces.
You spent 266 gold pieces at shops.

Inventory:

Hand Weapons
 g - a +1 dagger (weapon)
Armour
 a - a +0 robe (worn)
 l - a +1 pair of boots (worn)
 q - a +1 pair of gloves (worn)
 t - a +1 cloak (worn)
 x - a +1 helmet of intelligence (worn)
 C - a +0 large shield
Jewellery
 h - a ring of stealth (left hand)
 i - an uncursed amulet of the gourmand
 p - an uncursed ring of ice
 D - an amulet of rage (around neck)
Wands
 d - a wand of slowing (32/48)
 E - a wand of acid (11/15)
 I - a wand of digging (10/24)
 K - a wand of polymorph (11/24)
 L - a wand of disintegration (13/24)
Scrolls
 v - 5 scrolls of remove curse
 w - 2 scrolls of teleportation
 y - a scroll of fear
 B - a scroll of amnesia
Potions
 b - a potion of invisibility
 e - 2 potions of curing
 f - a potion of magic
 j - 3 potions of flight
 m - 3 potions of ambrosia
 n - 2 potions of lignification
 o - 5 potions of heal wounds
 s - a potion of cancellation
 A - a potion of haste {unknown}
 G - a potion of might {unknown}
 J - a potion of brilliance {unknown}
Comestibles
 c - 4 bread rations
 k - 8 slices of pizza
 r - 4 beef jerkies
 u - 8 fruits
 H - 3 chunks of flesh


   Skills:
 + Level 3.5 Fighting
 + Level 4.4 Short Blades
 + Level 3.4 Armour
 + Level 6.3 Dodging
 - Level 2.4 Stealth
 + Level 1.3 Shields
 * Level 10.8 Spellcasting
 + Level 6.0 Conjurations
 + Level 7.2 Fire Magic
 + Level 0.2 Ice Magic
 + Level 4.8 Evocations


You had 11 spell levels left.
You knew the following spells:

 Your Spells              Type           Power        Failure   Level  Hunger
a - Flame Tongue          Conj/Fire      #####        1%          1    None
b - Throw Flame           Conj/Fire      ######       1%          2    None
c - Conjure Flame         Conj/Fire      ######..     1%          3    None
d - Inner Flame           Hex/Fire       ####....     2%          3    None
e - Sticky Flame          Conj/Fire      ######..     2%          4    None
f - Fireball              Conj/Fire      ######....   10%         5    ###....
g - Freeze                Ice            ###.         4%          1    None


Dungeon Overview and Level Annotations

Branches:
Dungeon (9/15)             Temple (1/1) D:4            Lair (1/6) D:8
    Orc (0/2) D:9

Altars:
Ashenzari
Cheibriados
Dithmenos
Elyvilon
Fedhas
Gozag
Hepliaklqana
Kikubaaqudgha
Makhleb
Nemelex Xobeh
Okawaru
Qazlal
Ru
Sif Muna
Trog
Uskayaw
Vehumet
Xom
Yredelemnul
Zin
The Shining One

Shops:
D:5 [**[   D:9 (?

Annotations:
D:4 Charly's ghost, amateur DsGl
D:5 exclusion: oklob plant


Innate Abilities, Weirdness & Mutations

You are agile. (Dex +2)
Your magical capacity is low. (-10% MP)
You are somewhat resistant to further mutation.
You occasionally shout uncontrollably at your foes.
You regenerate slowly when monsters are visible.
You are very weak. (Str -4)


Message History

Unknown command.
Okay, then.
The eight-headed hydra burns!
The eight-headed hydra stops burning.
Casting: Sticky Flame
Confirm with . or Enter, or press ? or * to list all spells.
Aiming: Sticky Flame
Press: ? - help, Shift-Dir - straight line, f/p - eight-headed hydra
Aim: an eight-headed hydra (almost dead)
The sticky flame hits the eight-headed hydra.
The eight-headed hydra is almost dead.
The eight-headed hydra is covered in liquid flames!
The eight-headed hydra burns!
The eight-headed hydra bites you!
* * * LOW HITPOINT WARNING * * *
The eight-headed hydra misses you.
The eight-headed hydra bites you but does no damage.
The eight-headed hydra closely misses you.
The eight-headed hydra bites you but does no damage.
The eight-headed hydra barely misses you.
The eight-headed hydra bites you!
You die...

............
............##
..............#
≈.≈............#
≈≈≈≈≈≈≈........#
.≈≈≈≈..........##
≈..≈≈≈..........#
..≈.P(...h.@...#
#..h......D...#
###..........$#
#...#.........#
#.............#
##..#..........#
...#...........#
...............#
...............#


You could see an eight-headed hydra (burning) and 2 black bears.

Vanquished Creatures
  A troll (D:9)
  Grinder (D:6)
  The ghost of Charly the Conjurer, an amateur DEFE of Sif Muna (D:6)
  A wyvern (D:7)
  3 hogs (D:7)
  A yak (D:7)
  A human (D:7)
  Menkaure (D:6)
  2 wargs (D:9)
  4 orc warriors (D:9)
  2 phantoms
  3 sky beasts
  A necrophage (D:8)
  2 ice beasts
  3 ogres
  4 centaurs
  3 giant frogs
  3 scorpions
  4 killer bees (D:9)
  5 wights (D:9)
  A howler monkey (D:4)
  A crimson imp (D:8)
  2 giant frog zombies
  6 hounds
  4 orc wizards
  An orc priest (D:9)
  A gnoll shaman (D:8)
  A jelly (D:7)
  A giant frog skeleton (D:4)
  Jessica (D:2)
  A centaur skeleton (D:9)
  An iguana (D:4)
  Natasha (twice) (D:2)
  12 worker ants
  A killer bee zombie (D:7)
  2 howler monkey zombies
  Robin (D:4)
  4 gnolls (D:8)
  10 adders
  3 shadow imps
  4 oozes
  A worm (D:2)
  4 dart slugs
  9 giant geckos
  18 orcs
  4 giant cockroaches
  10 goblins
  12 hobgoblins
  8 kobolds
  3 quokkas
  A ball python (D:4)
  9 bats
  9 giant newts
  6 rats
  5 fungi
  7 plants (D:5)
212 creatures vanquished.

Notes
Turn   | Place    | Note
-------+----------+-------------------------------------------
     0 | D:1      | Kidiri the Deep Elf Fire Elementalist began the quest for the Orb.
     0 | D:1      | Reached XP level 1. HP: 10/10 MP: 6/6
   426 | D:1      | Reached XP level 2. HP: 8/15 MP: 2/8
   430 | D:1      | Learned a level 2 spell: Throw Flame
   725 | D:1      | Reached skill level 4 in Spellcasting
   953 | D:1      | Reached XP level 3. HP: 19/19 MP: 7/10
   965 | D:1      | Learned a level 3 spell: Conjure Flame
   969 | D:1      | Learned a level 3 spell: Inner Flame
  1577 | D:2      | Noticed Jessica
  1584 | D:2      | Killed Jessica
  1584 | D:2      | Reached XP level 4. HP: 22/24 MP: 7/12
  1914 | D:2      | Found a bloodstained altar of Trog.
  2126 | D:2      | Noticed Natasha
  2132 | D:2      | Killed Natasha
  2132 | D:2      | Reached skill level 5 in Spellcasting
  2262 | D:2      | Found a glowing silver altar of Zin.
  2318 | D:2      | Found an ancient bone altar of Kikubaaqudgha.
  2320 | D:2      | Found a deep blue altar of Sif Muna.
  2384 | D:2      | Found an iron altar of Okawaru.
  2384 | D:2      | Found a sacrificial altar of Ru.
  2386 | D:2      | Found a white marble altar of Elyvilon.
  2420 | D:2      | Noticed Natasha
  2423 | D:2      | Killed Natasha
  2423 | D:2      | Reached XP level 5. HP: 28/28 MP: 8/14
  2586 | D:3      | Learned a level 4 spell: Sticky Flame
  3462 | D:4      | Noticed Charly's ghost (amateur DsGl)
  3788 | D:4      | Reached skill level 6 in Spellcasting
  4039 | D:4      | Reached XP level 6. HP: 32/32 MP: 12/17
  4080 | D:4      | Noticed Robin
  4152 | D:4      | Gained mutation: You are agile. (Dex +2) [potion of mutation]
  4152 | D:4      | Gained mutation: Scrolls take you a little longer to read. [potion of mutation]
  4152 | D:4      | Lost mutation: Scrolls take you a little longer to read. [potion of mutation]
  4511 | D:4      | Reached skill level 5 in Fire Magic
  4729 | D:4      | Learned a level 5 spell: Fireball
  4781 | D:4      | Found an opulent altar of Gozag.
  4783 | D:4      | Found a staircase to the Ecumenical Temple.
  4819 | Temple   | Entered the Ecumenical Temple
  5106 | Temple   | Became a worshipper of Vehumet
  5139 | D:4      | Reached skill level 7 in Spellcasting
  5418 | D:4      | Killed Robin
  5733 | D:4      | Reached XP level 7. HP: 36/36 MP: 13/19
  6004 | D:5      | Entered Level 5 of the Dungeon
  6140 | D:5      | Found Guggurui's Armour Boutique.
  6149 | D:5      | Reached skill level 1 in Armour
  6173 | D:5      | Found Goragein's Armour Shoppe.
  6187 | D:5      | Bought a +1 helmet of intelligence for 231 gold pieces
  6352 | D:5      | Found a blossoming altar of Fedhas.
  6370 | D:5      | Noticed an oklob plant
  7203 | D:5      | Reached skill level 1 in Fighting
  7203 | D:5      | Reached skill level 1 in Short Blades
  7203 | D:5      | Reached skill level 1 in Evocations
  7235 | D:5      | Found a hide-covered altar of Uskayaw.
  7264 | D:5      | Found Kirus's General Store.
  7333 | D:5      | Reached XP level 8. HP: 34/43 MP: 2/21
  7385 | D:5      | Reached skill level 8 in Spellcasting
  7610 | D:5      | Bought a potion of mutation for 35 gold pieces
  7610 | D:5      | Gained mutation: You are weak. (Str -2) [potion of mutation]
  7610 | D:5      | Gained mutation: Your magical capacity is low. (-10% MP) [potion of mutation]
  7610 | D:5      | Gained mutation: You regenerate slowly when monsters are visible. [potion of mutation]
  7614 | D:5      | Found Utoyf's General Store.
  9636 | D:6      | Noticed Menkaure
  9639 | D:6      | Killed Menkaure
  9837 | D:6      | Noticed Charly's ghost (amateur DEFE)
 10093 | D:5      | Found a glowing golden altar of the Shining One.
 10317 | D:6      | Found a shadowy altar of Dithmenos.
 10349 | D:6      | Noticed Grinder
 10608 | D:6      | Killed Charly's ghost
 10608 | D:6      | Reached skill level 9 in Spellcasting
 10946 | D:6      | Killed Grinder
 10946 | D:6      | Reached * piety under Vehumet
 10946 | D:6      | Offered knowledge of Magic Dart by Vehumet.
 10946 | D:6      | Reached XP level 9. HP: 28/48 MP: 13/21
 11138 | D:6      | Reached skill level 5 in Conjurations
 11237 | D:7      | Got a jewelled arbalest
 11238 | D:7      | Identified the +5 arbalest of the Scorpion {speed, rPois} (You found it on level 7 of the Dungeon)
 11366 | D:7      | Found a snail-covered altar of Cheibriados.
 11474 | D:7      | Reached skill level 5 in Dodging
 12093 | D:7      | Reached skill level 10 in Spellcasting
 12601 | D:8      | Found a staircase to the Lair.
 13190 | D:9      | Reached XP level 10. HP: 56/56 MP: 15/23
 13744 | D:9      | Reached skill level 1 in Shields
 13824 | D:9      | Gained mutation: You are very weak. (Str -4) [mutagenic meat]
 13827 | D:9      | Gained mutation: You occasionally shout uncontrollably at your foes. [mutagenic meat]
 13830 | D:9      | Gained mutation: You are somewhat resistant to further mutation. [mutagenic meat]
 14006 | D:9      | Found Fidil's Weapon Shoppe.
 14006 | D:9      | Found Wucs's Magic Scroll Emporium.
 14010 | D:9      | Offered knowledge of Freeze by Vehumet.
 14017 | D:9      | Learned a level 1 spell: Freeze
 14136 | D:9      | Reached ** piety under Vehumet
 14237 | D:9      | Found a staircase to the Orcish Mines.
 14775 | Lair:1   | Entered Level 1 of the Lair of Beasts
 14775 | Lair:1   | Noticed an eight-headed hydra
 14792 | Lair:1   | Slain by an eight-headed hydra

Vault maps used:
D:1:      dpeg_cavernosity
D:2:      zin_statuary, nicolae_overflow_hidden_temple, bloody_trog,
          first_bread, uniq_jessica, uniq_natasha
D:4:      kennysheep_mini, amethyst_killhole, uniq_robin
D:5:      lemuel_upstairs_altar, tgw_fedhas, kennysheep_mini_moat, serial_shops,
          kennysheep_little_box, nicolae_shop_waterfront, shop, shop
D:6:      marbit_many_paths, uniq_menkaure, uniq_grinder
D:7:      lemuel_doored_altar, grunt_livestock
D:8:      dpeg_oklobed_lair
D:9:      david_orc_1_choice, serial_shops, shop, shop
Temple:   compressed_dpeg_triangle_lava_temple
Lair:1:   beast_lair_carwin_large_4, lemuel_centaur_altar

Skill      XL: |  1  2  3  4  5  6  7  8  9 10 |
---------------+-------------------------------+-----
Spellcasting   | 4 5 6 7 9 10 | 10.8
Conjurations   | 2 3 4 5 6 |  6.0
Fire Magic     | 4 5 6 7 |  7.2
Armour         | 1 2 3 |  3.4
Fighting       | 1 2 3 |  3.5
Short Blades   | 1 2 4 |  4.4
Dodging        | 3 4 5 6 |  6.3
Evocations     | 1 3 4 |  4.8
Shields        | 1 |  1.3
Stealth        | |  2.4
Ice Magic      | |  0.2

Action                   |  1- 3 |  4- 6 |  7- 9 | 10-12 || total
-------------------------+-------+-------+-------+-------++-------
Melee: Dagger            |     4 |     9 |   722 |     8 ||   743
 Cast: Flame Tongue      |    49 |   130 |   163 |    73 ||   415
       Throw Flame       |     2 |    30 |    39 |    13 ||    84
       Sticky Flame      |       |     4 |    27 |     8 ||    39
       Fireball          |       |       |     9 |     1 ||    10
       Conjure Flame     |       |       |     3 |     4 ||     7
       Inner Flame       |       |       |     3 |     3 ||     6
  Use: Scroll            |       |    11 |     6 |     2 ||    19
       Potion            |       |     6 |     2 |       ||     8
 Stab: Sleeping          |     1 |     1 |     2 |       ||     4
       Distracted        |       |       |     1 |       ||     1
  Eat: Chunk             |     2 |    27 |    21 |     4 ||    54
       Bread ration      |       |       |     1 |       ||     1
Armor: Robe              |     7 |    16 |    44 |     5 ||    72
Dodge: Dodged            |    19 |    39 |   105 |    32 ||   195
